 Dungeon Crawl Stone Soup version 0.27.1-4-g1640c2035a (webtiles) character file.

Game seed: 16133546317968211596

23 MisterFreud the Skirmisher (level 2, -1/28 HPs)
             Began as a Minotaur Abyssal Knight on Nov 16, 2021.
             Was a Follower of Lugonu.
             Slain by a worm (5 damage)
             ... on level 2 of the Dungeon.
             The game lasted 00:01:06 (1348 turns).

MisterFreud the Skirmisher (MiAK)                   Turns: 1348, Time: 00:01:07

Health: -1/28      AC:  3    Str: 16    XL:     2   Next: 75%
Magic:  2/2        EV: 11    Int:  9    God:    Lugonu [*.....]
Gold:   94         SH:  0    Dex:  9    Spells: 1/1 levels left

rFire    . . .     SeeInvis .   a - +1 falchion
rCold    . . .     Faith    .   (no shield)
rNeg     . . .     Spirit   .   b - +0 leather armour
rPois    .         Reflect  .   (helmet restricted)
rElec    .         Harm     .   (no cloak)
rCorr    .         Rampage  .   (no gloves)
Will     .....                  (no boots)
Stlth    +.........             g - amulet of regeneration
HPRegen  1.09/turn              (no ring)
MPRegen  0.08/turn              (no ring)

@: no status effects
A: horns 2, retaliatory headbutt
a: Renounce Religion, Depart the Abyss


You were on level 2 of the Dungeon.
You worshipped Lugonu.
Lugonu was aware of your devotion.
You visited 1 branch of the dungeon, and saw 2 of its levels.
You visited the Abyss 1 time.

You collected 94 gold pieces.

Inventory:

Hand Weapons
 a - a +1 falchion (weapon)
Missiles
 h - 15 poisoned darts (quivered)
Armour
 b - a +0 leather armour (worn)
Jewellery
 g - an amulet of regeneration (around neck)
Scrolls
 d - a scroll of blinking {unknown}
 e - 2 scrolls of enchant armour {unknown}
Potions
 c - 2 potions of flight {unknown}
 f - a potion of curing {unknown}


   Skills:
 + Level 4.9 Fighting
 - Level 2.4 Long Blades
 - Level 2.4 Armour
 - Level 1.1 Dodging
 - Level 1.7 Invocations


You had one spell level left.
You didn't know any spells.
Your spell library contained the following spells:

 Spells                   Type           Power      Damage    Failure   Level
 Magic Dart               Conj           0%         1d3       43%         1
 Call Imp                 Summ           0%         N/A       58%         2
 Mephitic Cloud           Conj/Pois/Air  0%         N/A       82%         3


Dungeon Overview and Level Annotations

Branches:
Dungeon (2/15)

Altars:


Innate Abilities, Weirdness & Mutations

You have a pair of horns on your head.
You reflexively headbutt those who attack you in melee.


Message History

Found an escape hatch in the floor.
You now have 94 gold pieces (gained 11).
Found a book of Minor Magic.
You pick up a book of Minor Magic and begin reading...
You add the spells Magic Dart, Call Imp and Mephitic Cloud to your library.
Found a plate armour and a short sword.
You see here a +0 plate armour.
Found an escape hatch in the ceiling.
A worm is nearby!
A worm is nearby!
A worm is nearby!
You hit the worm.
The worm is lightly wounded.
The worm bites you!
You completely miss the worm.
The worm is lightly wounded.
The worm bites you!
You are too injured to fight recklessly!
You are too injured to fight recklessly!
You hit the worm.
The worm is lightly wounded.
You barely miss the worm. You headbutt the worm.
The worm is moderately wounded.
The worm bites you.
You barely miss the worm.
The worm is moderately wounded.
The worm bites you but does no damage.
Your leather armour prevents you from hitting the worm.
The worm is moderately wounded.
The worm bites you.
You hit the worm but do no damage.
The worm is moderately wounded.
You barely miss the worm.
The worm is moderately wounded.
The worm bites you!
* * * LOW HITPOINT WARNING * * *
You hit the worm.
The worm is moderately wounded.
The worm bites you.
You die...

#...)♣♣P.....P♣♣.....# #.##
♣PP...PP♣♣.###.# #.# ♣♣PP.PP♣♣#.#
#.# ♣♣♣.♣♣ ♣..# ..# ♣. #.## ###
#.####.# .# #......## .##
######..# #.## ♣♣@♣ #...# ♣♣♣w♣♣
.##.# ♣♣PP.PP♣♣ # #.####
♣PP...PP♣ ##
##....####♣♣P.....P♣♣## #.
##P.P...........⌠......# #.
.†P..♣♣..##♣♣P.....P♣♣.#########.
#..P♣♣♣P.P#♣♣PP...PP♣♣...........
.P..♣ ♣♣P..#♣♣PP.PP♣♣###.########


You could see a worm.

Vanquished Creatures
  A dart slug (D:2)
  A ball python (D:1)
  2 bats
  3 endoplasms (D:2)
  2 giant cockroaches
  A goblin (D:1)
  2 hobgoblins (D:1)
  3 frilled lizards
  3 kobolds
  A rat (D:2)
19 creatures vanquished.

Vanquished Creatures (others)
  3 plants (D:2)
3 creatures vanquished.

Grand Total: 22 creatures vanquished

Notes
Turn   | Place    | Note
-------+----------+-------------------------------------------
     0 | Abyss:1  | MisterFreud the Minotaur Abyssal Knight began the quest for
                  | the Orb.
     0 | Abyss:1  | Reached XP level 1. HP: 19/19 MP: 1/1
    72 | Abyss:1  | Noticed a large abomination
    73 | D:1      | Escaped the Abyss
   174 | D:1      | Reached skill level 4 in Fighting
   503 | D:1      | Reached XP level 2. HP: 28/28 MP: 2/2
   521 | D:1      | You fall into a shaft and drop 1 floor!
   637 | D:1      | You fall into a shaft and drop 1 floor!
   640 | D:2      | Reached * piety under Lugonu
  1348 | D:2      | Slain by a worm

Illustrated notes

Levels and vault maps discovered:
D:1:      dpeg_arrival_arbitrary_a, layout_basic, roderic_roman_lattice
D:2:      layout_loops_ring, serial_forest, infiniplex_forest_clump_large,
          infiniplex_forest_end_2, infiniplex_forest_lined_2,
          infiniplex_forest_clump_C, infiniplex_forest_fountain,
          infiniplex_forest_lined_room_3, infiniplex_forest_fountain

Skill      XL: |  1 |
---------------+----+-----
Fighting       | 4 |  4.9
Long Blades    | |  2.4
Armour         | |  2.4
Dodging        | |  1.1
Invocations    | |  1.7

Action                   || total
-------------------------++-------
Melee: Falchion          ||    38
       Headbutt          ||     7
Invok: Depart the Abyss  ||     1
Armor: Leather armour    ||     7
Dodge: Dodged            ||    12
       Rpst.: Falchion   ||     1
